 Dungeon Crawl Stone Soup version 0.24-a0-512-g2b48af375b (webtiles) character file.

Game seed: 14193692657344445648

37 Gynju the Skirmisher (level 3, -3/36 HPs)
             Began as a Hill Orc Fighter on July 20, 2019.
             Killed from afar by Sigmund (9 damage)
             ... with a puff of flame
             ... on level 2 of the Dungeon.
             The game lasted 00:01:59 (990 turns).

Gynju the Skirmisher (Hill Orc Fighter)              Turns: 990, Time: 00:02:00

Health: -3/36      AC:  9    Str: 19    XL:     3   Next: 41%
Magic:  3/3        EV:  5    Int:  8    God:
Gold:   62         SH:  9    Dex: 10    Spells: 2/2 levels left

rFire    . . .     SeeInvis .   a - +0 hand axe
rCold    . . .     Gourm    .   c - +0 shield
rNeg     . . .     Faith    .   e - +0 chain mail
rPois    .         Spirit   .   (no helmet)
rElec    .         Reflect  .   (no cloak)
rCorr    .         Harm     .   (no gloves)
MR       .....                  (no boots)
Stlth    ..........             (no amulet)
HPRegen  0.12/turn              (no ring)
MPRegen  0.08/turn              (no ring)

@: no status effects
A: no striking features
a: no special abilities


You were on level 2 of the Dungeon.
You were hungry.

You visited 1 branch of the dungeon, and saw 2 of its levels.

You collected 62 gold pieces.

Inventory:

Hand Weapons
 a - a +0 hand axe (weapon)
Missiles
 m - 8 curare-tipped darts (quivered)
Armour
 c - a +0 shield (worn)
 e - a +0 chain mail (worn)
Scrolls
 g - 3 scrolls of remove curse {unknown}
 h - a scroll of immolation {unknown}
 j - a scroll of identify {unknown}
Potions
 d - a potion of might
 i - a potion of haste {unknown}
 k - a potion of cancellation {unknown}
 l - a potion of curing {unknown}
 n - a potion of magic {unknown}
 o - 2 potions of heal wounds {unknown}
Comestibles
 b - 4 chunks of flesh
 f - a ration


   Skills:
 + Level 5.0 Fighting
   Level 2.0 Short Blades
 * Level 1.2 Axes
 + Level 3.3 Armour
 - Level 3.2 Shields


You had 2 spell levels left.
You didn't know any spells.
Your spell library was empty.

Dungeon Overview and Level Annotations

Branches:
Dungeon (2/15)

Altars:

Annotations:
D:2 Sigmund


Message History

You closely miss something. Something hits you but does no damage.
Some of the chunks of flesh in your inventory have rotted away.
Your shield and chain mail prevent you from hitting something.
Something hits you.
You are feeling hungry.
You closely miss something. Something hits you!
* * * LOW HITPOINT WARNING * * *
Your shield and chain mail prevent you from hitting something.
Something hits you but does no damage.
You hit something. Something hits you but does no damage.
You hit something but do no damage. Something hits you but does no damage.
You miss something. You block something's attack.
You miss something. You closely miss something.
You hear some strange, mumbled words.
Something tries to affect you, but you resist.
You hear some strange, mumbled words.
A puff of flame appears from out of thin air!
The puff of flame hits you!
You die...

#..#............#
#..#........#####
#..#........#
#..#........#
##...÷.......#
#.(.÷).......# .....
#..........#.####......
#......................
#.........@#.####......
##+###.###.#.####......
#.# #.#........... .#
#.#.........# ..
..#.........#
###.........#
##........# #........#
#####....#


There were no monsters in sight!

Vanquished Creatures
  3 dart slugs (D:1)
  A leopard gecko (D:1)
  A ball python (D:2)
  4 bats (D:1)
  2 giant cockroaches
  6 goblins (D:1)
  4 hobgoblins (D:1)
  3 kobolds
  4 rats
28 creatures vanquished.

Notes
Turn   | Place    | Note
-------+----------+-------------------------------------------
     0 | D:1      | Gynju the Hill Orc Fighter began the quest for the Orb.
     0 | D:1      | Reached XP level 1. HP: 19/19 MP: 1/1
    42 | D:1      | Reached skill level 4 in Fighting
    45 | D:1      | Reached XP level 2. HP: 26/27 MP: 2/2
   356 | D:1      | Reached skill level 5 in Fighting
   356 | D:1      | Reached XP level 3. HP: 36/36 MP: 3/3
   899 | D:2      | Reached skill level 1 in Axes
   957 | D:2      | Noticed Sigmund
   990 | D:2      | Killed from afar by Sigmund

Levels and vault maps discovered:
D:1:      evilmike_arrival_fibonacci_small, layout_basic, serial_forest,
          infiniplex_forest_straight_3, infiniplex_forest_diagonal,
          infiniplex_forest_corner_2, infiniplex_forest_straight_2,
          infiniplex_forest_fountain, infiniplex_forest_end_double,
          infiniplex_forest_clump_diagonal, minmay_domino_4
D:2:      wander_river, layout_basic, uniq_natasha, uniq_sigmund,
          uniq_crazy_yiuf_cottage

Skill      XL: |  1  2  3 |
---------------+----------+-----
Fighting       | 4 5 |  5.0
Axes           | 1 |  1.2
Short Blades   | |  2.0
Armour         | |  3.3
Shields        | |  3.2

Action                   || total
-------------------------++-------
Melee: Rapier            ||    57
       Hand axe          ||    69
Armor: Scale mail        ||     5
       Chain mail        ||    64
Dodge: Dodged            ||    29
Block: Shield            ||    49

Table legend:
 A = Non-vault XP
 B = Vault XP
 C = Vault XP percentage of total XP
 D = Non-vault monster count
 E = Vault monster count
 F = Vault count percentage of total count
                 A         B        C        D         E       F
            +---------+---------+-------+---------+---------+-------
      Total |      48 |       6 |  11.1 |      25 |       3 |  10.7
            +---------+---------+-------+---------+---------+-------
        D:1 |      42 |       6 |  12.5 |      21 |       3 |  12.5
        D:2 |       6 |       0 |   0.0 |       4 |       0 |   0.0
            +---------+---------+-------+---------+---------+-------
